 Dungeon Crawl Stone Soup version 0.28.0-49-g6dfe1f597d (webtiles) character file.

Game seed: 1632138370830298617

18201 klau3 the Cleaver (level 12, -24/153 (162) HPs)
             Began as a Minotaur Berserker on May 17, 2022.
             Was a Priest of Trog.
             Annihilated by an ettin
             ... wielding a +0 dire flail
              (33 damage)
             ... on level 11 of the Dungeon.
             The game lasted 00:34:11 (13409 turns).

klau3 the Cleaver (Minotaur Berserker)             Turns: 13409, Time: 00:34:12

HP:   -24/153 (162) AC: 14    Str: 24    XL:     12   Next: 25%
MP:   12/12         EV: 10    Int:  4    God:    Trog [***...]
Gold: 714           SH:  0    Dex: 13    Spells: 11/11 levels left

rFire   + . .      SeeInvis .   O - +0 battleaxe
rCold   x . .      Faith    .   (shield currently unavailable)
rNeg    . . .      Spirit   .   y - +0 plate armour
rPois   .          Reflect  .   (helmet restricted)
rElec   .          Harm     .   Q - +0 cloak
rCorr   .          Rampage  .   (no gloves)
Will    ++...                   (no boots)
Stlth   ..........              (no amulet)
HPRegen 1.35/turn               c - ring of fire
MPRegen 0.13/turn               K - +4 ring of slaying

@: berserking, strong-willed, regenerating, drained, very quick
A: horns 2, retaliatory headbutt
a: Renounce Religion, Berserk, Trog's Hand


You were on level 11 of the Dungeon.
You worshipped Trog.
Trog was most pleased with you.
You visited 2 branches of the dungeon, and saw 12 of its levels.
You also visited: Sewer.

You collected 714 gold pieces.

Inventory:

Hand Weapons
 a - a +0 hand axe
 x - a +1 vorpal hand axe
 A - a +0 war axe
 G - a +3 halberd
 L - a +0 broad axe
 O - a +0 battleaxe (weapon)
 U - a +2 shortbow of flaming
Missiles
 J - 6 curare-tipped darts (quivered)
 M - 3 atropa-tipped darts
 P - 31 poisoned darts
 S - 29 arrows
Armour
 b - a +0 animal skin
 e - a +0 ring mail
 h - the +2 leather armour "Rerchu Roy" {Regen+ Dex+2}
   (You found it on level 2 of the Dungeon)

   Dex:       It affects your dexterity (+2).
   Regen:     It increases your rate of health regeneration.
 i - the +3 leather armour of Elyvilon {Drain +Inv Regen+ Dex+4}
   (You found it on level 2 of the Dungeon)

   Dex:       It affects your dexterity (+4).
   +Inv:      It lets you turn invisible.
   Regen:     It increases your rate of health regeneration.
   Drain:     It drains your maximum health when unequipped.
 r - a +0 chain mail
 y - a +0 plate armour (worn)
 D - +0 steam dragon scales
 Q - a +0 cloak (worn)
 R - +0 acid dragon scales
Jewellery
 c - a ring of fire (left hand)
 K - a +4 ring of slaying (right hand)
Wands
 z - a wand of iceblast (5)
 B - a wand of paralysis (6)
 C - a wand of acid (11)
 N - a wand of flame (6)
 T - a wand of polymorph (7)
Scrolls
 j - a scroll of torment
 l - 3 scrolls of enchant weapon
 m - a scroll of fear
 q - a scroll of magic mapping {unknown}
 s - 2 scrolls of teleportation
 t - 3 scrolls of identify
 u - a scroll of holy word {unknown}
 F - a scroll of blinking {unknown}
 H - a scroll of fog {unknown}
Potions
 d - 2 potions of mutation {unknown}
 f - 2 potions of attraction {unknown}
 g - 7 potions of heal wounds
 k - a potion of lignification {unknown}
 n - 4 potions of brilliance {unknown}
 o - a potion of haste {unknown}
 p - a potion of magic {unknown}
 v - 2 potions of degeneration {unknown}
 w - 2 potions of curing
Miscellaneous
 E - a condenser vane


   Skills:
 + Level 10.7 Fighting
 + Level 2.0(2.5) Short Blades
 + Level 2.5(3.0) Long Blades
 + Level 14.4(14.5) Axes
 + Level 2.1(9.7) Maces & Flails
 + Level 2.1(9.7) Polearms
 + Level 2.3(3.2) Staves
 + Level 2.0(2.8) Slings
 + Level 2.5 Bows
 + Level 2.0 Crossbows
 + Level 2.5(2.9) Throwing
 + Level 7.8 Armour
 + Level 8.0 Dodging
 + Level 4.6 Stealth
 + Level 2.4 Shields
 + Level 2.0 Unarmed Combat
 + Level 1.7 Invocations
 + Level 1.5 Evocations


You had 11 spell levels left.
You didn't know any spells.
Your spell library was empty.

Dungeon Overview and Level Annotations

Branches:
Dungeon (11/15)            Temple (0/1) D:6            Lair (0/6) D:11
    Orc (1/2) D:11          Sewer (visited)

Altars:
Ashenzari
Dithmenos
Kikubaaqudgha
Makhleb
Okawaru
Uskayaw
Vehumet
Xom
Zin
Beogh

Shops:
D:1 (


Innate Abilities, Weirdness & Mutations

You have a pair of horns on your head.
You reflexively headbutt those who attack you in melee.


Message History

You can no longer call in reinforcements.
You climb downwards.
Welcome back to the Orcish Mines!
The ettin closely misses you. You furiously retaliate!
You headbutt the ettin, but do no damage.
The ettin hits you with a +0 dire flail!!
The orc hits you but does no damage.
There is a staircase back to the Dungeon, spattered with blood here.
The ettin hits you with a +0 dire flail!
The ettin closely misses you. The orc barely misses you.
You furiously retaliate!
You headbutt the orc!
You kill the orc!
Trog accepts your kill.
You climb upwards.
Welcome back to the Dungeon!
There is a staircase to the Orcish Mines here.
A red film seems to cover your vision as you go berserk!
You feel yourself moving faster!
You feel mighty! The ettin barely misses you.
The ettin hits you with a +0 dire flail!
You completely miss the ettin. You headbutt the ettin!
The ettin is lightly wounded.
The ettin barely misses you.
The ettin hits you with a +0 dire flail.
You completely miss the ettin.
The ettin is lightly wounded.
The ettin hits you with a +0 dire flail.
The ettin hits you with a +0 dire flail!!
* * * LOW HITPOINT WARNING * * *
You slash the ettin! You headbutt the ettin!
The ettin is heavily wounded.
You barely miss the ettin.
The ettin is heavily wounded.
The ettin hits you with a +0 dire flail!!
* * * LOW HITPOINT WARNING * * *
The ettin hits you with a +0 dire flail.
* * * LOW HITPOINT WARNING * * *
You barely miss the ettin. You headbutt the ettin.
The ettin is heavily wounded.
You slash the ettin! You headbutt the ettin!
The ettin is almost dead.
The ettin hits you with a +0 dire flail!!
You die...

#################################
.................................
.................................
.....#........##..............##.
.....#........##.........###..##.
.....#........................##.
............)[.C@...>............
###'#####'##.)[....#'###.....####
....#......#.#8[..8#...#.....#
....#......#.###)###...#.#...#
....#......#.#.....#...#.....#
########...#.#.....#...#.....####
.......#######.._..#...###'###..#
.#.....# #.....#.............
.#.....# #.....#.............


You could see an ettin.

Vanquished Creatures
  Nergalle (D:10)
  Pikel (D:7)
  An orc knight (Orc:1)
  Maggie (D:6)
  2 kobold demonologists (D:10)
  An unseen horror (D:9)
  A troll (shapeshifter) (D:9)
  3 trolls
  Prince Ribbit (D:9)
  Grinder (D:5)
  2 shadows (D:11)
  Sigmund (D:6)
  5 yaks (D:10)
  A wraith (D:9)
  A steam dragon (D:8)
  4 vampire mosquitoes (D:11)
  Menkaure (D:5)
  2 acid dragons (D:11)
  2 water moccasins
  A warg (Orc:1)
  An ice beast (D:7)
  3 orc warriors
  2 black bears
  4 ogres
  2 wolves (D:10)
  2 centaurs
  A phantom (D:6)
  2 lemures (D:7)
  2 bullfrogs
  5 kobold brigands
  A scorpion (D:4)
  A water moccasin skeleton (D:6)
  6 killer bees
  6 wights
  4 electric eels (D:11)
  2 howler monkeys (D:11)
  2 centaur zombies
  9 hounds
  Crazy Yiuf (D:5)
  4 orc priests
  3 jellies
  A bullfrog skeleton (D:5)
  A gnoll shaman (D:6)
  2 iguanas (D:6)
  5 orc wizards
  A hell rat (Sewer)
  2 river rats (Sewer)
  An adder (D:2)
  13 gnolls
  A howler monkey skeleton (D:7)
  A shadow imp (D:7)
  2 white imps
  A worm (D:3)
  A dart slug (D:1)
  22 orcs
  6 ball pythons
  9 endoplasms
  2 giant cockroaches (D:1)
  9 hobgoblins
  A jackal (D:1)
  A quokka (D:2)
  8 bats
  A frilled lizard (D:3)
  7 goblins
  29 kobolds
  12 rats
235 creatures vanquished.

Vanquished Creatures (others)
  A plant (D:1)
1 creature vanquished.

Grand Total: 236 creatures vanquished

Notes
Turn   | Place    | Note
-------+----------+-------------------------------------------
     0 | D:1      | klau3 the Minotaur Berserker began the quest for the Orb.
     0 | D:1      | Reached XP level 1. HP: 19/19 MP: 0/0
   156 | D:1      | Reached XP level 2. HP: 15/27 MP: 1/1
   183 | D:1      | Reached skill level 4 in Axes
   628 | D:1      | Found Luwafaol's Antique Weapon Shop.
   641 | D:1      | Reached XP level 3. HP: 26/34 MP: 2/2
   767 | D:1      | Reached ** piety under Trog
   799 | D:1      | Found a faded altar of an unknown god.
  1589 | D:2      | Identified the +2 leather armour "Rerchu Roy" {Regen+
                  | Dex+2}
  1690 | D:2      | Identified the +3 leather armour of Elyvilon {Drain +Inv
                  | Regen+ Dex+4}
  2111 | D:2      | You fall into a shaft and drop 2 floors!
  2111 | D:4      | Found a hide-covered altar of Uskayaw.
  2277 | D:4      | Reached XP level 4. HP: 41/41 MP: 3/3
  2323 | D:4      | Noticed an ogre
  2329 | D:4      | Killed an ogre
  2330 | D:4      | Reached skill level 5 in Axes
  2330 | D:4      | Reached skill level 1 in Stealth
  2330 | D:4      | Reached XP level 5. HP: 47/47 MP: 4/4
  2558 | D:4      | Reached skill level 5 in Fighting
  2558 | D:4      | Reached XP level 6. HP: 15/56 MP: 5/5
  2923 | D:3      | Found a glowing drain.
  2942 | Sewer    | Entered a sewer
  2996 | Sewer    | Reached *** piety under Trog
  3003 | Sewer    | Reached skill level 6 in Axes
  3078 | D:3      | Found a radiant altar of Vehumet.
  4598 | D:5      | Entered Level 5 of the Dungeon
  4760 | D:5      | Found a runed translucent door.
  4761 | D:5      | Noticed Crazy Yiuf
  4835 | D:5      | Killed Crazy Yiuf
  5061 | D:5      | Reached XP level 7. HP: 61/61 MP: 6/6
  5170 | D:5      | Noticed Grinder
  5189 | D:5      | Killed Grinder
  5190 | D:5      | Reached skill level 7 in Axes
  5378 | D:5      | Noticed Menkaure
  5411 | D:5      | Killed Menkaure
  5891 | D:6      | Reached XP level 8. HP: 60/70 MP: 7/7
  6039 | D:6      | Reached skill level 8 in Axes
  6348 | D:6      | Noticed Sigmund
  6354 | D:6      | Killed Sigmund
  6502 | D:6      | Reached skill level 5 in Armour
  6502 | D:6      | Reached skill level 5 in Dodging
  6785 | D:6      | Noticed Maggie
  6808 | D:6      | Killed Maggie
  6809 | D:6      | Reached skill level 9 in Axes
  6985 | D:6      | Found a staircase to the Ecumenical Temple.
  7157 | D:7      | Found an iron altar of Okawaru.
  7460 | D:7      | Noticed Pikel
  7469 | D:7      | Killed Pikel
  7470 | D:7      | Reached skill level 10 in Axes
  7470 | D:7      | Reached XP level 9. HP: 79/79 MP: 8/8
  8238 | D:8      | Reached skill level 11 in Axes
  8997 | D:9      | Noticed Prince Ribbit
  9008 | D:9      | Killed Prince Ribbit
  9181 | D:9      | Noticed a troll
  9189 | D:9      | Killed a troll
  9244 | D:9      | Noticed a troll
  9244 | D:9      | a human changed into a troll
  9250 | D:9      | Killed a troll
  9251 | D:9      | Reached XP level 10. HP: 63/90 MP: 9/9
  9463 | D:9      | Found a shimmering altar of Xom.
  9646 | D:9      | Reached skill level 12 in Axes
  9869 | D:10     | Entered Level 10 of the Dungeon
 10474 | D:10     | Noticed an orange demon
 10485 | D:10     | Noticed a sixfirhy
 10546 | D:10     | Found a shadowy altar of Dithmenos.
 10593 | D:10     | Found a broken altar of Ashenzari.
 10598 | D:10     | Found an ancient bone altar of Kikubaaqudgha.
 10598 | D:10     | Noticed Nergalle
 10606 | D:10     | Killed Nergalle
 10607 | D:10     | Reached skill level 13 in Axes
 10663 | D:10     | Found a glowing silver altar of Zin.
 10668 | D:10     | Found a burning altar of Makhleb.
 10711 | D:10     | Reached skill level 10 in Fighting
 11305 | D:11     | Found a staircase to the Lair.
 11424 | D:11     | Reached skill level 14 in Axes
 11424 | D:11     | Reached XP level 11. HP: 75/100 MP: 10/10
 11745 | D:11     | Found a staircase to the Orcish Mines.
 11749 | D:11     | Reached **** piety under Trog
 11763 | D:11     | Reached skill level 1 in Bows
 11855 | D:11     | Reached XP level 12. HP: 87/87 MP: 11/11
 11856 | D:11     | Reached skill level 1 in Short Blades
 11856 | D:11     | Reached skill level 1 in Slings
 11856 | D:11     | Reached skill level 1 in Crossbows
 11856 | D:11     | Reached skill level 1 in Unarmed Combat
 11856 | D:11     | Reached skill level 1 in Invocations
 11856 | D:11     | Reached skill level 1 in Evocations
 13023 | Orc:1    | Entered Level 1 of the Orcish Mines
 13074 | Orc:1    | Noticed an ettin
 13407 | D:11     | HP: 7/153 [ettin/+0 dire flail (1)]
 13409 | D:11     | Annihilated by an ettin

Illustrated notes

Levels and vault maps discovered:
D:1:      lemuel_arrival_cross, layout_basic, serial_shops, shop,
          hellmonk_ecumenical_altar_heavens_door, serial_forest,
          infiniplex_forest_corner_1, infiniplex_forest_end_double,
          infiniplex_forest_clump_medium, infiniplex_forest_end_1,
          infiniplex_forest_lined_1, infiniplex_forest_end_2,
          infiniplex_forest_lined_2, infiniplex_forest_end_2,
          infiniplex_forest_end_2, minmay_vboxes
D:2:      layout_basic, patterned_corridor
D:3:      layout_basic, fiery_altar_vehumet, cheibrodos_sewer_entry_bend,
          st_stairs_5
D:4:      layout_layer_cave, nicolae_uskayaw_dance_hall, minmay_misc_feat_plants
D:5:      layout_gridville, roderic_lattice_a,
          nicolae_concentric_dashed_squares_mild, uniq_crazy_yiuf_cottage,
          uniq_grinder, uniq_menkaure
D:6:      layout_loops_corners, minmay_temple_entry_butterflies, uniq_maggie,
          uniq_sigmund
D:7:      layout_loops_corners, okawaru_gym_becter, minivault_25,
          chequers_garden, uniq_pikel
D:8:      layout_loops_cross
D:9:      layout_roguey, mainiacjoe_overflow_catwalk, uniq_prince_ribbit1
D:10:     layout_basic, nicolae_dithmenos_shadow_blocks,
          grunt_temple_overflow_cloverleaf, uniq_nergalle
D:11:     layout_stronghold, erik_lair_island, minmay_orc_entry_temple_small
Orc:1:    layout_caves, serial_shops, shop, amcnicky_altar_lugonu_corruption

Skill      XL: |  1  2  3  4  5  6  7  8  9 10 11 12 |
---------------+-------------------------------------+-----
Axes           | 4 5 6 7 10 11 14 | 14.4
Fighting       | 4 5 6 7 8 10 | 10.7
Armour         | 3 4 5 6 7 |  7.8
Dodging        | 3 4 5 6 7 8 |  8.0
Stealth        | 1 2 3 4 |  4.6
Bows           | 1 2 |  2.5
Short Blades   | 2 |  2.0
Long Blades    | 2 |  2.5
Maces & Flails | 2 |  2.1
Polearms       | 2 |  2.1
Staves         | 2 |  2.3
Slings         | 2 |  2.0
Crossbows      | 2 |  2.0
Throwing       | 2 |  2.5
Shields        | 2 |  2.4
Unarmed Combat | 2 |  2.0
Invocations    | 1 |  1.7
Evocations     | 1 |  1.5

Action                   |  1- 3 |  4- 6 |  7- 9 | 10-12 || total
-------------------------+-------+-------+-------+-------++-------
Melee: Hand axe          |    90 |    97 |    16 |       ||   203
       Headbutt          |     7 |    21 |    36 |    33 ||    97
       Punch             |     1 |     1 |       |       ||     2
       War axe           |       |       |   149 |       ||   149
       Broad axe         |       |       |    14 |     7 ||    21
       Battleaxe         |       |       |       |   146 ||   146
 Fire: Shortbow          |       |       |       |    24 ||    24
Throw: Throwing net      |       |       |       |     1 ||     1
Invok: Berserk           |       |     5 |     8 |     8 ||    21
       Trog's Hand       |       |     3 |     5 |     2 ||    10
  Use: Potion            |       |       |       |     4 ||     4
       Scroll            |       |       |       |     5 ||     5
 Stab: Sleeping          |     2 |       |     2 |       ||     4
       Distracted        |       |       |       |     1 ||     1
Armor: Animal skin       |    17 |       |       |       ||    17
       Leather armour    |    17 |    21 |    49 |    41 ||   128
       Ring mail         |     4 |       |       |       ||     4
       Plate armour      |       |       |       |     7 ||     7
Dodge: Dodged            |    81 |    74 |   114 |   177 ||   446
